Map: Orbital Shipyard

Players

xKawaiian

  • Race: Terran Terran
  • League: Master

IIllIIlIllll - Winner!

  • Race: Protoss Protoss
  • League: Grandmaster

VOD

Have the link to the VOD?

Description

Time

  • Played on: Jan. 12, 2016, 7:12 p.m.
  • Length: 16:00
Show
View Real Time Build Order
Export as new Build Order

xKawaiian Terran 

Build Orders: Reaper Expand, MMM Bio 

Get SALT Encoding   

  12  0:00  SCV  
  13  0:13  SCV  
  14  0:19  Supply Depot  
  14  0:25  SCV  
  15  0:41  SCV  
  16  0:43  Barracks  
  16  0:47  Refinery  
  16  0:53  SCV  
  17  1:05  SCV  
  18  1:17  SCV  
  19  1:30  Orbital Command  
  19  1:31  Reaper  
  20  1:43  Command Center  
  20  1:55  Supply Depot, SCV  
  21  2:04  Barracks Reactor  
  21  2:07  SCV  
  22  2:12  Barracks  
  22  2:19  SCV  
  22  2:22  Barracks  
  23  2:32  SCV  
  24  2:41  Marine x2  
  24  2:44  SCV  
  27  2:55  Orbital Command  
  27  2:56  SCV  
  28  2:58  Marine x2  
  28  2:59  Barracks Tech Lab  
  30  3:08  SCV, Factory  
  30  3:10  Refinery, Marine  
  32  3:16  Marine x2  
  32  3:17  Stimpack, Marine  
  35  3:22  SCV  
  35  3:24  SCV  
  37  3:28  Marine  
  38  3:34  Marine x2  
  38  3:35  Supply Depot  
  38  3:36  SCV, Marine  
  38  3:39  SCV  
  43  3:46  Marine  
  43  3:48  SCV  
  45  3:51  SCV  
  45  3:53  Starport  
  45  3:54  Factory Reactor  
  46  3:57  Marine  
  46  3:58  Supply Depot, Marine  
  46  4:00  SCV  
  46  4:01  Marine  
  49  4:04  Marine  
  49  4:05  SCV  
  51  4:11  Supply Depot  
  51  4:14  SCV, Marine  
  51  4:16  Marine  
  54  4:20  SCV  
  54  4:21  Marine  
  54  4:22  Supply Depot  
  56  4:24  Marine  
  56  4:26  SCV  
  58  4:35  Supply Depot  
  58  4:36  Medivac x2  
  58  4:38  Marine x2  
  64  4:39  Marine  
  64  4:40  SCV  
  64  4:42  SCV  
  64  4:44  Marine  
  68  4:52  SCV  
  69  5:00  Command Center  
  69  5:02  SCV  
  70  5:19  SCV, Marine  
  70  5:20  Barracks Tech Lab, Marauder  
  74  5:21  SCV, Factory Reactor  
  74  5:24  Refinery x2, Medivac  
  74  5:25  Marine  
  78  5:31  SCV  
  78  5:34  SCV  
  80  5:37  Marine  
  80  5:39  Engineering Bay  
  80  5:41  Combat Shields, Engineering Bay, Marauder  
  83  5:42  Marine  
  83  5:43  SCV  
  85  5:53  Barracks  
  85  5:54  Barracks  
  85  5:56  Marauder  
  84  6:01  Marine  
  84  6:02  Marine  
  84  6:03  Marauder  
  73  6:17  Marauder  
  73  6:18  Medivac  
  76  6:19  Marine  
  76  6:23  Medivac  
  79  6:28  Marine  
  77  6:39  SCV  
  77  6:46  SCV  
  78  6:51  Marauder  
  80  7:01  Marine, Medivac  
  65  7:08  Marauder  
  65  7:11  SCV  
  65  7:14  SCV  
  60  7:22  Orbital Command  
  60  7:26  Marine  
  60  7:27  Barracks Tech Lab  
  61  7:33  Barracks Tech Lab  
  61  7:34  SCV  
  61  7:35  SCV  
  63  7:42  Marauder  
  65  7:46  Marauder, Marine  
  65  7:47  SCV, Marine  
  65  7:50  SCV  
  70  7:53  Marine  
  70  7:55  Medivac  
  73  8:00  SCV  
  73  8:01  SCV  
  73  8:02  SCV  
  76  8:06  Terran Infantry Weapons Level 1  
  76  8:09  Terran Infantry Armor Level 1  
  76  8:10  Marine  
  77  8:13  SCV  
  77  8:16  Marauder  
  77  8:18  Widow Mine  
  77  8:19  Widow Mine  
  84  8:24  Marauder  
  84  8:26  Marine  
  84  8:36  Marauder  
  84  8:44  Viking  
  84  8:47  Marauder  
  88  8:48  SCV  
  88  8:53  SCV  
  88  8:54  SCV  
  91  9:00  SCV  
  92  9:05  SCV  
  92  9:06  Marauder, Marine  
  92  9:07  Marine  
  92  9:08  Marauder  
  97  9:24  SCV  
  97  9:28  Medivac x2  
  98  9:32  SCV x2  
  98  9:36  SCV  
  101  9:42  Supply Depot  
  101  9:43  Supply Depot  
  101  9:52  Supply Depot  
  101  9:57  Armory  
  101  10:03  SCV, Marine, Widow Mine x2  
  101  10:04  Marauder  
  101  10:06  SCV x2  
  111  10:07  Command Center  
  111  10:08  Supply Depot  
  110  10:15  Marine  
  110  10:16  Marauder  
  110  10:19  SCV x2  
  110  10:20  SCV  
  116  10:26  Liberator  
  116  10:27  Marine  
  116  10:28  Marauder  
  119  10:31  SCV x2, Marauder, Marine  
  110  10:43  Marauder, Marine  
  105  10:51  Marine  
  105  10:52  Medivac, Marauder  
  105  10:54  SCV x3  
  101  11:02  Marine  
  101  11:03  Marauder  
  88  11:06  SCV x2  
  88  11:07  Marine  
  88  11:08  Marauder  
  88  11:09  Liberator  
  88  11:11  SCV  
  94  11:18  SCV, Terran Infantry Weapons Level 2, Terran Infantry Armor Level 2  
  94  11:22  Marine, Medivac  
  94  11:23  Marauder  
  100  11:29  Refinery x2  
  100  11:32  Supply Depot, Marauder  
  105  11:33  Marine  
  105  11:35  Marine  
  105  11:37  Concussive Shells  
  105  11:39  Marine  
  108  11:40  Marine  
  108  11:45  Marauder  
  109  11:51  Marine  
  109  11:52  Medivac  
  109  11:53  Marine  
  109  11:54  Marauder  
  113  11:57  Orbital Command  
  113  11:58  Marauder  
  113  12:00  SCV  
  116  12:04  Marine  
  116  12:07  Marauder  
  119  12:09  Medivac  
  119  12:11  Marine  
  119  12:12  Marauder  
  119  12:14  Widow Mine  
  119  12:15  Marauder  
  128  12:16  Starport  
  128  12:19  Marine  
  128  12:21  Marine  
  130  12:26  Barracks  
  130  12:27  Barracks  
  130  12:28  Supply Depot, Marine, Marauder  
  133  12:32  Marine  
  133  12:36  Viking, Marauder  
  138  12:37  Marauder  
  138  12:39  Marine  
  138  12:40  Viking  
  139  12:52  Marauder, Marine  
  139  12:55  Marine  
  139  12:57  Marine  
  139  12:58  Supply Depot, Marauder  
  144  12:59  Marauder  
  144  13:01  Starport Tech Lab  
  144  13:10  Marine  
  144  13:11  SCV  
  145  13:13  Marauder x2  
  145  13:15  Supply Depot  
  145  13:16  Barracks Tech Lab  
  145  13:17  Liberator  
  145  13:18  SCV  
  145  13:19  SCV, Marauder  
  153  13:21  SCV  
  153  13:23  Barracks Tech Lab  
  153  13:26  Marine  
  157  13:27  Marauder  
  157  13:31  Marine  
  157  13:32  Liberator  
  157  13:34  Marine  
  157  13:39  Marine  
  157  13:40  Marauder  
  163  13:42  Marauder  
  163  13:43  Liberator  
  163  13:44  Marine  
  166  13:49  Marine  
  166  13:51  Marine  
  171  13:59  Marine  
  171  14:00  Marauder  
  177  14:06  Marauder, Marine  
  177  14:07  Marauder  
  177  14:09  Marine x2  
  177  14:11  SCV  
  178  14:19  Marine  
  178  14:24  Marine  
  180  14:31  Supply Depot  
  180  14:36  Supply Depot  
  180  14:40  SCV  
  180  14:41  Marine  
  180  14:45  Marine, Marauder  
  179  14:46  Marauder  
  179  14:47  Marine, Marauder, Orbital Command  
  179  14:49  Marauder, Marine  
  179  14:50  SCV  
  179  14:51  SCV  
  179  14:52  SCV  
  174  14:59  Marine  
  146  15:03  SCV x2  
  146  15:04  SCV  
  146  15:05  Medivac x2  
  146  15:06  Marauder  
  151  15:15  SCV x2  
  151  15:16  SCV  
  151  15:17  Marauder, Marine  
  151  15:20  SCV  
  156  15:22  Marine  
  156  15:27  SCV  
  154  15:29  SCV  
  151  15:37  Barracks Tech Lab  
  151  15:41  Marine  
  151  15:42  Marine  
Show
View Real Time Build Order
Export as new Build Order

IIllIIlIllll Protoss - Winner!

Build Orders: 1 Gate Expand 

Get SALT Encoding   

  12  0:01  Probe (Chrono Boost)  
  13  0:12  Probe (Chrono Boost)  
  14  0:17  Pylon  
  14  0:22  Probe (Chrono Boost)  
  16  0:35  Probe (Chrono Boost)  
  16  0:39  Gateway  
  16  0:46  Probe (Chrono Boost)  
  17  1:09  Nexus  
  17  1:14  Probe (Chrono Boost)  
  18  1:20  Assimilator  
  18  1:28  Cybernetics Core  
  18  1:31  Probe (Chrono Boost)  
  19  1:37  Assimilator  
  19  1:42  Probe (Chrono Boost)  
  20  1:48  Pylon  
  20  1:52  Probe (Chrono Boost)  
  21  2:03  Probe (Chrono Boost)  
  21  2:06  Adept (Chrono Boost)  
  23  2:14  Probe, Warp Gate  
  24  2:20  Probe (Chrono Boost)  
  25  2:27  Mothership Core (Chrono Boost)  
  27  2:31  Probe (Chrono Boost)  
  28  2:42  Probe (Chrono Boost)  
  29  2:46  Probe (Chrono Boost)  
  29  2:47  Adept  
  32  2:53  Probe (Chrono Boost)  
  32  2:56  Robotics Facility  
  32  2:57  Probe (Chrono Boost)  
  34  3:03  Probe (Chrono Boost)  
  35  3:07  Probe (Chrono Boost)  
  36  3:14  Probe (Chrono Boost)  
  36  3:18  Probe (Chrono Boost)  
  38  3:24  Probe (Chrono Boost)  
  38  3:25  Gateway  
  39  3:28  Gateway, Probe (Chrono Boost)  
  40  3:35  Probe (Chrono Boost), Pylon  
  40  3:39  Probe (Chrono Boost)  
  40  3:40  Pylon  
  42  3:45  Observer (Chrono Boost)  
  43  3:52  Probe  
  43  3:54  Probe  
  45  4:00  Stargate  
  45  4:04  Probe, Observer (Chrono Boost)  
  45  4:09  Probe, Pylon  
  48  4:14  Probe  
  49  4:20  Pylon  
  49  4:21  Probe, Assimilator  
  49  4:22  Sentry  
  49  4:23  Warp Prism (Chrono Boost), Assimilator  
  54  4:25  Probe  
  55  4:32  Pylon  
  55  4:33  Probe  
  55  4:35  Probe  
  57  4:45  Probe  
  57  4:46  Probe  
  57  4:47  Phoenix (Chrono Boost)  
  61  4:57  Probe  
  62  5:02  Immortal  
  62  5:03  Adept x2  
  62  5:05  Probe  
  71  5:11  Probe  
  71  5:13  Twilight Council  
  72  5:17  Phoenix (Chrono Boost)  
  72  5:20  Nexus  
  74  5:24  Pylon  
  74  5:25  Probe  
  74  5:27  Pylon  
  75  5:32  Adept  
  75  5:33  Adept  
  79  5:39  Probe  
  79  5:40  Phoenix (Chrono Boost)  
  79  5:41  Probe  
  87  5:50  Immortal, Probe  
  88  6:05  Stalker x3  
  94  6:17  Resonating Glaives (Chrono Boost)  
  94  6:23  Pylon  
  94  6:25  Nexus  
  94  6:26  Pylon  
  93  6:35  Pylon  
  91  6:40  Probe  
  91  6:41  Probe  
  91  6:44  Pylon  
  93  6:50  Probe  
  93  6:52  Forge  
  93  6:53  Probe, Adept x3  
  101  6:55  Pylon  
  101  6:56  Forge  
  97  7:06  Probe, Nexus  
  90  7:10  Probe  
  90  7:13  Immortal  
  91  7:17  Phoenix (Chrono Boost)  
  91  7:18  Probe  
  98  7:22  Probe  
  98  7:25  Assimilator  
  98  7:28  Photon Cannon  
  98  7:29  Assimilator  
  99  7:30  Probe  
  99  7:31  Photon Cannon  
  99  7:35  Probe  
  99  7:36  Templar Archives  
  101  7:53  Probe  
  101  7:55  Immortal  
  102  7:59  Phoenix (Chrono Boost)  
  102  8:01  Protoss Ground Weapons Level 1, Protoss Ground Armor Level 1  
  108  8:06  Psionic Storm, Blink  
  108  8:07  Probe  
  108  8:11  Pylon  
  109  8:14  Nexus  
  109  8:20  Probe  
  110  8:28  Probe  
  110  8:30  Phoenix  
  113  8:38  Probe x2  
  115  8:42  Probe  
  116  8:49  High Templar, Photon Cannon  
  116  8:51  High Templar  
  116  8:53  Photon Cannon  
  116  8:54  Gateway x2, Pylon  
  120  8:56  Immortal  
  120  8:59  Gateway  
  124  9:08  Gateway  
  124  9:11  Gateway  
  124  9:15  Gateway  
  124  9:21  Gateway  
  124  9:25  Photon Cannon  
  124  9:26  High Templar x2  
  124  9:27  High Templar  
  122  9:37  Immortal, Pylon  
  122  9:40  Photon Cannon x2  
  126  9:49  Assimilator  
  126  9:51  Adept  
  128  9:53  Assimilator  
  128  9:54  High Templar  
  128  9:59  Protoss Ground Armor Level 2 (Chrono Boost), Protoss Ground Weapons Level 2 (Chrono Boost)  
  130  10:11  High Templar  
  130  10:12  High Templar  
  134  10:16  Observer  
  134  10:19  Archon  
  135  10:32  Gateway, Warp Prism  
  135  10:34  Gateway  
  133  10:35  Zealot x2  
  133  10:36  Zealot x5  
  126  10:53  Adept x3  
  130  11:05  Stalker x4  
  130  11:06  Stalker x3  
  130  11:09  Assimilator  
  144  11:12  Pylon  
  144  11:13  Pylon  
  144  11:16  High Templar  
  144  11:17  High Templar  
  148  11:25  Dark Shrine  
  148  11:34  High Templar x2  
  150  11:54  Stalker  
  150  11:55  Stalker x8  
  168  12:04  Fleet Beacon  
  168  12:11  High Templar  
  170  12:26  Nexus  
  170  12:27  Pylon  
  170  12:29  Stargate  
  170  12:30  Stargate  
  170  12:33  Oracle (Chrono Boost)  
  172  12:48  Protoss Ground Weapons Level 3 (Chrono Boost)  
  168  12:55  Protoss Ground Armor Level 3 (Chrono Boost)  
  168  13:05  Pylon  
  164  13:07  Zealot, Assimilator  
  164  13:12  Assimilator  
  166  13:13  High Templar x2  
  166  13:19  Photon Cannon  
  170  13:22  Photon Cannon  
  170  13:23  Photon Cannon  
  170  13:26  Photon Cannon  
  170  13:28  Tempest (Chrono Boost)  
  174  13:38  Tempest (Chrono Boost)  
  176  13:44  Tempest (Chrono Boost)  
  180  14:13  Dark Templar x2  
  184  14:22  Tempest x2 (Chrono Boost)  
  192  14:27  Dark Templar  
  194  14:42  Dark Templar x2  
  194  14:43  Dark Templar  
  163  15:05  Oracle (Chrono Boost)  
  163  15:06  Tempest x2 (Chrono Boost)  
  166  15:27  Nexus  
  166  15:30  Pylon  
  166  15:31  Pylon  
  155  15:54  Archon  
  141  15:58  Adept x8  
  141  15:59  Adept x4  
Tags
 
Add a new tag
Caveats
  • Supply blocks, unpowered buildings, or Contaminate may cause inaccurate times.
  • Supply counts are checked every 10 seconds.